 Dungeon Crawl Stone Soup version 0.23.1-41-g7e51ed3 (webtiles) character file.

Game seed: 6525228102840686386

41 sagitran the Covered (level 3, -4/26 HPs)
             Began as a Human Wanderer on Mar 29, 2019.
             Was an Initiate of Wu Jian.
             Slain by a worm (9 damage)
             ... on level 2 of the Dungeon.
             The game lasted 00:06:24 (1035 turns).

sagitran the Covered (Human Wanderer)               Turns: 1035, Time: 00:06:25

Health: -4/26      AC: 12    Str: 11    XL:     3   Next: 75%
Magic:  3/3        EV:  8    Int: 11    God:    Wu Jian [......]
Gold:   86         SH:  0    Dex: 15    Spells: 2/2 levels left

rFire    . . .     SeeInvis .   l - +0 hand axe
rCold    . . .     Gourm    .   (no shield)
rNeg     . . .     Faith    .   d - +2 scale mail
rPois    .         Spirit   .   n - +2 helmet
rElec    .         Reflect  .   (no cloak)
rCorr    .         Harm     .   (no gloves)
MR       .....                  (no boots)
Stlth    ..........             (no amulet)
HPRegen  0.08/turn              (no ring)
MPRegen  0.08/turn              (no ring)

@: no status effects
A: no striking features
a: Renounce Religion


You were on level 2 of the Dungeon.
You worshipped Wu Jian.
Wu Jian was noncommittal.
You were hungry.

You visited 1 branch of the dungeon, and saw 2 of its levels.

You collected 86 gold pieces.

Inventory:

Hand Weapons
 a - a +0 blowgun
 l - a +0 hand axe (weapon)
Missiles
 c - 18 poisoned needles
 e - 34 stones (quivered)
 i - 4 needles of sleeping
Armour
 d - a +2 scale mail (worn)
 g - a +0 shield
 n - a +2 helmet (worn)
Scrolls
 h - a scroll of enchant armour {unknown}
 k - a scroll of amnesia {unknown}
 m - 2 scrolls of teleportation {unknown}
Potions
 b - a potion of lignification
 j - a potion of might {unknown}
Comestibles
 f - 3 rations


   Skills:
 + Level 1.3 Fighting
 + Level 2.3 Axes
   Level 1.0 Bows
 + Level 2.5 Throwing
 + Level 4.6 Armour
 + Level 0.2 Dodging


You had 2 spell levels left.
You didn't know any spells.
Your spell library was empty.

Dungeon Overview and Level Annotations

Branches:
Dungeon (2/15)

Altars:
Fedhas
Wu Jian


Message History

You lunge at the worm.
You hit the worm but do no damage.
The worm is moderately wounded.
You open the large door.
There is a large open door here.
There is a large open door here.
You lunge at the worm.
You hit the worm.
The worm is moderately wounded.
You are feeling hungry.
The worm bites you.
* * * LOW HITPOINT WARNING * * *
There is a large open door here.
There is a large open door here.
You lunge at the worm.
You slash the worm!
The worm is severely wounded.
The worm bites you but does no damage.
There is a large open door here.
You lunge at the worm.
You hit the worm but do no damage.
The worm is severely wounded.
The worm bites you!
You die...

#......# #.#.#.# #......#
#.#.#.# .# #......# #.#.#.# .#
#.....$######## #.#.#.# .#
###.......##....# #.#.#'##.#
#.........##....# #.#......#
##.P.P.....##....# #.'.)...<.
#.?._......##....######.)...#.
#..P)P.....'w@...+............
#..........##....##########...
#.##.##+####..................
#.......# #.....#####..####†#
#######.# #.....# #..##....
#.# #.....# #..#..... #.#
###.### ##.#..... #.# #.#
#)...._. ####.# #.# #.#.....


You could see a worm.

Vanquished Creatures
  An ooze (D:2)
  A dart slug (D:1)
  3 giant cockroaches
  8 hobgoblins
  3 jackals (D:1)
  A quokka (D:2)
  A ball python (D:1)
  4 bats
  A frilled lizard (D:1)
  5 goblins
  4 rats
32 creatures vanquished.

Notes
Turn   | Place    | Note
-------+----------+-------------------------------------------
     0 | D:1      | sagitran the Human Wanderer began the quest for the Orb.
     0 | D:1      | sagitran set off with the following items: a +0 blowgun, a
                  | potion of lignification, 12 poisoned needles, a +2 scale
                  | mail, a ration
     0 | D:1      | Reached XP level 1. HP: 15/15 MP: 1/1
   136 | D:1      | Reached XP level 2. HP: 17/21 MP: 2/2
   423 | D:1      | Reached XP level 3. HP: 13/26 MP: 3/3
   899 | D:2      | Found an ornate altar of the Wu Jian Council.
   916 | D:2      | Became a worshipper of the Wu Jian Council
   983 | D:2      | Found a blossoming altar of Fedhas.
  1035 | D:2      | Slain by a worm

Action                   || total
-------------------------++-------
Melee: Unarmed           ||     6
       Hand axe          ||    87
       Blowgun           ||     2
 Fire: Blowgun           ||    28
Throw: Stone             ||     6
Invok: Lunge             ||     5
  Use: Potion            ||     1
Armor: Scale mail        ||    61
Dodge: Dodged            ||    62
